 Dungeon Crawl Stone Soup version 0.29-a0-275-g389c0b56f3 (webtiles) character file.

Game seed: 6761998236625506406

114 Reditus the Shield-Bearer (level 4, -4/41 HPs)
             Began as a Minotaur Fighter on Mar 12, 2022.
             Killed themself with a badly aimed iceblast (5 damage)
             ... on level 4 of the Dungeon.
             The game lasted 00:10:54 (2210 turns).

Reditus the Shield-Bearer (Minotaur Fighter)        Turns: 2210, Time: 00:10:54

Health: -4/41      AC:  7    Str: 20    XL:     4   Next: 67%
Magic:  3/3        EV:  9    Int:  5    God:
Gold:   167        SH:  5    Dex: 12    Spells: 3/3 levels left

rFire   . . .      SeeInvis .   a - +0 flail
rCold   . . .      Faith    .   c - +0 buckler
rNeg    . . .      Spirit   .   b - +0 scale mail
rPois   .          Reflect  .   (helmet restricted)
rElec   .          Harm     .   (no cloak)
rCorr   .          Rampage  .   (no gloves)
Will    .....                   (no boots)
Stlth   ..........              (no amulet)
HPRegen 0.13/turn               q - ring of flight
MPRegen 0.08/turn               (no ring)

@: flying
A: horns 2, retaliatory headbutt
a: no special abilities


You were on level 4 of the Dungeon.
You visited 1 branch of the dungeon, and saw 3 of its levels.

You collected 167 gold pieces.

Inventory:

Hand Weapons
 a - a +0 flail (weapon)
Missiles
 l - 6 poisoned darts (quivered)
 p - 5 curare-tipped darts
Armour
 b - a +0 scale mail (worn)
 c - a +0 buckler (worn)
Jewellery
 q - a ring of flight (left hand)
Wands
 s - a wand of iceblast (6)
Scrolls
 e - 2 scrolls of identify {unknown}
 g - a scroll of holy word {unknown}
 k - a scroll of enchant armour {unknown}
 n - a scroll of teleportation {unknown}
 o - a scroll of noise {unknown}
 r - a scroll of fog {unknown}
Potions
 d - 3 potions of might
 f - a potion of brilliance {unknown}
 h - a potion of heal wounds {unknown}
 i - a potion of attraction {unknown}
 j - a potion of flight {unknown}
 m - 2 potions of degeneration {unknown}


   Skills:
 + Level 4.5 Fighting
 + Level 3.6 Maces & Flails
 + Level 4.5 Armour
 + Level 4.5 Shields


You had 3 spell levels left.
You didn't know any spells.
Your spell library contained the following spells:

 Spells                   Type           Power      Damage    Failure   Level
 Ensorcelled Hibernation  Hex/Ice        0%         N/A       96%         2
 Spider Form              Tmut/Pois      0%         N/A       99%         3
 Anguish                  Hex/Necr       0%         N/A       100%        4


Dungeon Overview and Level Annotations

Branches:
Dungeon (2/15)

Altars:

Shops:
D:4 *:


Innate Abilities, Weirdness & Mutations

You have a pair of horns on your head.
You reflexively headbutt those who attack you in melee.


Message History

The iguana attacks as you move away! The iguana closely misses you.
You furiously retaliate!
You headbutt the iguana. The iguana attacks as you move away!
You block the iguana's attack. The adder bites you.
A kobold comes into view. It is wielding a +0 whip.
The adder attacks as you move away! You block the adder's attack.
The iguana attacks as you move away! The iguana completely misses you.
The adder closely misses you. You furiously retaliate!
You headbutt the adder! The iguana attacks as you move away!
The iguana bites you but does no damage.
The adder attacks as you move away! You block the adder's attack.
The iguana attacks as you move away! You block the iguana's attack.
The adder bites you.
You barely miss the adder. You headbutt the adder.
You kill the adder!
The iguana attacks as you move away! The iguana barely misses you.
You furiously retaliate!
You headbutt the iguana, but do no damage.
The iguana attacks as you move away! The iguana completely misses you.
You furiously retaliate!
You headbutt the iguana!
An orc comes into view. It is wielding a +0 short sword.
The orc shouts!
An orc comes into view. It is wielding a +0 war axe.
The iguana attacks as you move away! The iguana barely misses you.
The orc closely misses you. You furiously retaliate!
You headbutt the orc.
An orc wizard comes into view. It is wielding a +1 vampiric dagger.
You barely miss the orc.
The orc wizard shouts!
You block the orc's attack. The orc hits you with a +0 short sword.
The iguana bites you!
* * * LOW HITPOINT WARNING * * *
Aiming: Iceblast
Press: ? - help, Shift-Dir - straight line, f - orc
Aim: an orc, wielding a +0 short sword (moderately wounded)
The mass of ice explodes!
The iceblast engulfs the orc!
You kill the orc!
The iceblast engulfs the orc!
You kill the orc!
The iceblast engulfs you.
You die...

#### ... ..# .. ##o# #))#
#@# #.........# . ##l#
#.........# # #.O#
#.........# # ##K##
#.........# # ######..#
#.........#
.......O#####.........#
####..#....O..........###
#..#####K..........##..
#.# #...##.....###.#


You could see 2 ogres, an iguana, an orc wizard and a kobold.

Vanquished Creatures
  Jessica (D:2)
  Robin (D:2)
  2 adders
  2 orcs (D:4)
  2 ball pythons
  2 endoplasms
  3 giant cockroaches
  8 goblins
  12 hobgoblins
  5 quokkas
  4 bats
  A frilled lizard (D:1)
  10 kobolds
  A rat (D:1)
54 creatures vanquished.

Notes
Turn   | Place    | Note
-------+----------+-------------------------------------------
     0 | D:1      | Reditus the Minotaur Fighter began the quest for the Orb.
     0 | D:1      | Reached XP level 1. HP: 19/19 MP: 0/0
   220 | D:1      | Reached XP level 2. HP: 20/27 MP: 1/1
   946 | D:1      | Found a faded altar of an unknown god.
  1076 | D:2      | Reached XP level 3. HP: 20/33 MP: 2/2
  1432 | D:2      | Noticed Robin
  1445 | D:2      | Killed Robin
  1732 | D:2      | Reached XP level 4. HP: 40/40 MP: 3/3
  1760 | D:2      | Noticed Jessica
  1767 | D:2      | Killed Jessica
  1782 | D:2      | You are sucked into a shaft and drop 2 floors!
  1983 | D:4      | Noticed an ogre
  2011 | D:4      | Found Xeneagau's Assorted Antiques.
  2011 | D:4      | Found Uqieciw's Book Boutique.
  2027 | D:4      | Noticed an ogre
  2209 | D:4      | HP: 1/41 [iguana (12)]
  2210 | D:4      | Killed themself with a badly aimed iceblast

Illustrated notes

Levels and vault maps discovered:
D:1:      dpeg_arrival_houses_and_road, layout_loops_ring,
          shapermc_ecumenical_altar_mp_vishouse
D:2:      cheibrodos_greedy_goblins, layout_basic, serial_bayou_pond_b,
          kennysheep_cross_room, kennysheep_minor_cross, minmay_bisected,
          uniq_terence, uniq_jessica, uniq_robin
D:4:      layout_rooms, serial_shops, shop, nicolae_shop_waterfront,
          nicolae_shop_bloodbath_and_beyond, nicolae_shop_waterfront,
          hangedman_decor_riveting

Skill      XL: |  1  2 |
---------------+-------+-----
Shields        | 4 |  4.5
Fighting       | 4 |  4.5
Armour         | 4 |  4.5
Maces & Flails | 3 |  3.6

Action                   |  1- 3 |  4- 6 || total
-------------------------+-------+-------++-------
Melee: Flail             |    99 |    23 ||   122
       Headbutt          |    11 |     5 ||    16
Armor: Scale mail        |    35 |    14 ||    49
Dodge: Dodged            |    29 |    26 ||    55
Block: Buckler           |    16 |    13 ||    29

Table legend: (Time is in decaauts)
 A = Elapsed time spent in this place.
 B = Non-inter-level travel time spent in this place.
 C = Inter-level travel time spent in this place.
 D = Time resting spent in this place.
 E = Time spent auto-exploring this place.
 F = Levels seen in this place.
 G = Mean time per level.
                   A        B        C        D        E       F      G
               +--------+--------+--------+--------+--------+-----+--------+
         Total |   2248 |   2184 |     64 |      0 |   1569 |   3 |  749.3 |
       Dungeon |   2248 |   2184 |     64 |      0 |   1569 |   3 |  749.3 |
               +--------+--------+--------+--------+--------+-----+--------+

Top non-repeatable levels by time:
     D:1: 1135 daAuts
     D:2: 683 daAuts
     D:4: 429 daAuts
